 Dungeon Crawl Stone Soup version 0.24.0-123-gd5b16e6ec5 (webtiles) character file.

Game seed: 2734773766174454681, levelgen mode: deterministic

49 Curus the Poker (level 3, -1/30 HPs)
             Began as a Minotaur Gladiator on Jan 11, 2020.
             Slain by a killer bee (6 damage)
             ... on level 2 of the Dungeon.
             The game lasted 00:04:14 (864 turns).

Curus the Poker (Minotaur Gladiator)                 Turns: 864, Time: 00:04:15

Health: -1/30      AC:  3    Str: 18    XL:     3   Next: 53%
Magic:  0/2        EV: 12    Int:  8    God:
Gold:   32         SH:  0    Dex:  9    Spells: 2/2 levels left

rFire    . . .     SeeInvis .   a - +0 trident
rCold    . . .     Gourm    .   (no shield)
rNeg     . . .     Faith    .   b - +0 leather armour
rPois    .         Spirit   +   (helmet unavailable)
rElec    .         Reflect  .   (no cloak)
rCorr    +         Harm     .   (no gloves)
MR       .....                  (no boots)
Stlth    +.........             e - amulet of guardian spirit
HPRegen  0.10/turn              i - ring of resist corrosion
MPRegen  0.08/turn              (no ring)

@: lethally poisoned (-1 -> -6)
A: retaliatory headbutt, horns 3, clever 1, clumsy 1
a: no special abilities


You were on level 2 of the Dungeon.
You were not hungry.

You visited 1 branch of the dungeon, and saw 2 of its levels.

You collected 32 gold pieces.

Inventory:

Hand Weapons
 a - a +0 trident (weapon)
Missiles
 d - 2 throwing nets (quivered)
Armour
 b - a +0 leather armour (worn)
 c - a +0 hat
Jewellery
 e - an amulet of guardian spirit (around neck)
 i - a ring of resist corrosion (left hand)
Scrolls
 g - 2 scrolls of identify
Potions
 h - a potion of magic
Comestibles
 f - 2 rations


   Skills:
 - Level 2.4 Fighting
 + Level 5.6 Polearms
 - Level 2.0 Throwing
 - Level 3.2 Dodging


You had 2 spell levels left.
You didn't know any spells.
Your spell library was empty.

Dungeon Overview and Level Annotations

Branches:
Dungeon (2/15)

Altars:
Gozag

Shops:
D:2 *


Innate Abilities, Weirdness & Mutations

You reflexively headbutt those who attack you in melee.
You have a pair of large horns on your head.
Your mind is acute. (Int +2)
You are clumsy. (Dex -2)


Message History

Press: ? - help, Dir - move target cursor, f - killer bee
Aim: a killer bee You reach to attack!
You closely miss the killer bee. The killer bee stings you.
You are poisoned.
The killer bee poisons you!
You closely miss the killer bee. Your headbutt misses the killer bee.
You feel sick. The killer bee stings you. The killer bee stings you!
You miss the killer bee.
The killer bee stings you but does no damage.
The killer bee closely misses you.
Throwing (i - inventory)
d - 3 throwing nets (quivered)
Press: ? - help, Shift-Dir - straight line, f/p - killer bee
Aim: a killer bee You throw a throwing net.
The throwing net barely misses the killer bee.
You feel sick. The killer bee stings you.
* * * LOW HITPOINT WARNING * * *
The killer bee stings you!
You die...

# # # ### # # ### ..
.. # #.. .. .. ###
#.# .##.#?.
..######.# .(...
......##.########y.#
#.###.......†...@..#
#.######.########..#
.........# ).(..
#.######## .##.##
#.# .# # #.# .# #.#
.. #.# ## #.#


You could see a killer bee.

Vanquished Creatures
  An adder (D:2)
  A dart slug (D:1)
  A leopard gecko (D:2)
  4 bats (D:1)
  4 giant cockroaches
  9 hobgoblins
  3 jackals (D:1)
  A quokka (D:2)
  A ball python (D:2)
  2 goblins (D:1)
  2 kobolds (D:1)
  4 rats
33 creatures vanquished.

Notes
Turn   | Place    | Note
-------+----------+-------------------------------------------
     0 | D:1      | Curus the Minotaur Gladiator began the quest for the Orb.
     0 | D:1      | Reached XP level 1. HP: 18/18 MP: 0/0
    38 | D:1      | Reached skill level 4 in Polearms
    54 | D:1      | Reached XP level 2. HP: 17/25 MP: 1/1
   207 | D:1      | Reached skill level 5 in Polearms
   583 | D:1      | Reached XP level 3. HP: 30/30 MP: 2/2
   646 | D:2      | Gained mutation: Your mind is acute. (Int +2) [potion of
                  | mutation]
   646 | D:2      | Gained mutation: You are clumsy. (Dex -2) [potion of
                  | mutation]
   646 | D:2      | Gained mutation: You have a pair of large horns on your
                  | head. [potion of mutation]
   774 | D:2      | Found Gozag's Platinum Reserve.
   776 | D:2      | Found an opulent altar of Gozag.
   860 | D:2      | Noticed a killer bee
   864 | D:2      | Slain by a killer bee

Levels and vault maps discovered:
D:1:      minmay_arrival_stair_chambers, layout_rooms
D:2:      layout_loops_ring, lemuel_crystal_altar,
          nicolae_gozag_zags_fifth_avenue

Skill      XL: |  1  2 |
---------------+-------+-----
Polearms       | 4 5 |  5.6
Fighting       | |  2.4
Throwing       | |  2.0
Dodging        | |  3.2

Action                   || total
-------------------------++-------
Melee: Trident           ||    84
       Headbutt          ||    11
Throw: Throwing net      ||     1
  Use: Scroll            ||     4
       Potion            ||     3
Armor: Leather armour    ||    19
Dodge: Dodged            ||    46
